 Dungeon Crawl Stone Soup version 0.19-a0-1888-g6ba2374 (webtiles) character file.

5380 Kirkhe the Thaumaturge (level 10, -1/56 HPs)
             Began as an Octopode Earth Elementalist on Oct 17, 2016.
             Was a Follower of Vehumet.
             Slain by a killer bee (9 damage)
             ... on level 9 of the Dungeon.
             The game lasted 00:27:16 (8237 turns).

Kirkhe the Thaumaturge (OpEE)                       Turns: 8237, Time: 00:27:17

Health: -1/56      AC:  1    Str:  8    XL:     10   Next: 66%
Magic:  9/24       EV: 13    Int: 20    God:    Vehumet [*.....]
Gold:   627        SH:  0    Dex: 13    Spells: 5 memorised, 15 levels left

rFire  . . .     SeeInvis .     I - 25 stones
rCold  . . .     Gourm    .     (no shield)
rNeg   . . .     Faith    .     (helmet restricted)
rPois  .         Spirit   .     (no amulet)
rElec  .         Dismiss  .     E - ring of stealth
rCorr  .         Reflect  .     (no ring)
MR     .....     Harm     .     (no ring)
Stlth  ++++......               (no ring)
                                (no ring)
                                (no ring)
                                (no ring)
                                (no ring)

@: no status effects
A: almost no armour, stealthy swim, amphibious, 8 rings, constrict 8, camouflage
1, gelatinous body 1
a: Renounce Religion


You were on level 9 of the Dungeon.
You worshipped Vehumet.
Vehumet was aware of your devotion.
You were hungry.

You visited 2 branches of the dungeon, and saw 10 of its levels.
You also visited: Sewer.

You collected 627 gold pieces.

Inventory:

Hand Weapons
 k - a +0 blowgun
 p - a +2 dagger of venom
 q - a +1 short sword of electrocution
Missiles
 h - 38 poisoned needles
 I - 25 stones (in tentacle)
Magical Staves
 F - an uncursed staff of conjuration
Jewellery
 j - an uncursed ring of teleportation
 E - a ring of stealth (left tentacle)
Wands
 b - a wand of enslavement (10/24)
 t - a wand of lightning (0/15)
 C - a wand of flame (22/48)
 D - a wand of lightning (1/15)
 H - a wand of slowing (29/48)
 J - a wand of random effects (25/48)
 K - a wand of flame (29/48)
 M - a wand of polymorph (13/24)
Scrolls
 o - a scroll of magic mapping
 r - 6 scrolls of remove curse
 u - a scroll of enchant armour
 w - 4 scrolls of teleportation
 y - 2 scrolls of fear
 N - 3 scrolls of immolation
Potions
 e - 3 potions of ambrosia
 f - a potion of cancellation
 i - 3 potions of flight
 m - a potion of might
 n - a potion of mutation {unknown}
 v - 5 potions of lignification
 z - a potion of agility {unknown}
 A - 2 potions of brilliance {unknown}
 B - 3 potions of invisibility {unknown}
 G - a potion of heal wounds {unknown}
 L - a potion of resistance {unknown}
 O - a potion of beneficial mutation {unknown}
 P - a potion of berserk rage {unknown}
Books
 d - a book of Geomancy

   Spells                             Type                      Level
   a - Sandblast                      Earth                        1
   b - Passwall                       Transmutation/Earth          2
   c - Stone Arrow                    Conjuration/Earth            3
   d - Petrify                        Transmutation/Earth          4
   e - Lee's Rapid Deconstruction     Earth                        5
 l - a book of Cantrips

   Spells                             Type                      Level
   a - Confusing Touch                Hexes                        1
   b - Animate Skeleton               Necromancy                   1
   c - Summon Small Mammal            Summoning                    1
   d - Apportation                    Translocation                1
Comestibles
 c - 12 bread rations
 g - 5 meat rations
 s - 9 beef jerkies
 x - a royal jelly


   Skills:
 - Level 2.0 Dodging
 - Level 2.6 Stealth
 + Level 10.6 Spellcasting
 + Level 2.9 Conjurations
 - Level 1.0 Transmutations
 + Level 10.5 Earth Magic


You had 15 spell levels left.
You knew the following spells:

 Your Spells              Type           Power        Failure   Level  Hunger
a - Sandblast             Erth           ######       1%          1    None
b - Stone Arrow           Conj/Erth      #####.       1%          3    None
c - Passwall              Tmut/Erth      ####......   1%          2    None
d - Lee's Rapid Deconstr  Erth           ######....   2%          5    ####...
e - Petrify               Tmut/Erth      ####....     10%         4    ##.....


Dungeon Overview and Level Annotations

Branches:
Dungeon (9/15)             Temple (1/1) D:7
   Lair: D:8-11         Orc: D:9-12

Altars:
Ashenzari
Cheibriados
Dithmenos
Elyvilon
Fedhas
Gozag
Hepliaklqana
Kikubaaqudgha
Makhleb
Nemelex Xobeh
Qazlal
Ru
Sif Muna
Trog
Uskayaw
Vehumet
Xom
Yredelemnul
Zin
The Shining One

Shops:
D:6 *   D:9 (


Innate Abilities, Weirdness & Mutations

You cannot wear most types of armour.
You are very stealthy in the water. (Stealth+)
You are amphibious.
You can wear up to eight rings at the same time.
You can use your tentacles to constrict eight enemies at once.
Your skin changes colour to match your surroundings (Stealth+).
Your rubbery body absorbs attacks. (AC +1, EV +1)


Message History

Confirm with . or Enter, or press ? or * to list all spells.
Aiming: Petrify
Press: ? - help, Shift-Dir - straight line, f - killer bee
Aim: a killer bee (chance to defeat MR: 70%)
The killer bee struggles to resist.
The killer bee closely misses you. x2
Casting: Petrify
Confirm with . or Enter, or press ? or * to list all spells.
Aiming: Petrify
Press: ? - help, Shift-Dir - straight line, f/p - killer bee
Aim: a killer bee (chance to defeat MR: 70%)
The killer bee is moving more slowly.
The killer bee stings you but does no damage.
The killer bee stings you.
* * * LOW HITPOINT WARNING * * *
Unknown command.
You are feeling hungry.
The killer bee stings you!
* * * LOW HITPOINT WARNING * * *
The killer bee stings you!
You die...

##.##...........############.###
....####.....#..(..............##
##..####.....#}...†..####........
.....................(†)yy.......
....####............y####..Y...##
###.# #.....#.......# #........
....# #.....#.......# #......#.
....# ##)########.#.# #[.....#.
....# ##.#####.@yy..# #........
....####..).....##.#.# #......#.
..........).....##.#.# ...(.....
...###......###.##.#.# ....#..#)
...# #.#..#.###.##.#.# ...#
#........#.##.#.# ..[#
###........##.### ...#
##.......##.# ...# #.......##.#


You could see 2 killer bees.

Vanquished Creatures
  Pikel (D:8)
  Joseph (D:9)
  A two-headed ogre (D:8)
  2 hippogriffs
  A yak (D:9)
  3 orc warriors
  2 ice beasts
  A sky beast (D:7)
  A slave (D:7)
  2 phantoms
  A necrophage (D:8)
  9 ogres
  A centaur (D:8)
  7 bullfrogs
  2 scorpions
  2 killer bees (D:9)
  3 wights (D:5)
  5 howler monkeys
  A crimson imp (D:5)
  4 bullfrog zombies
  A jelly (D:8)
  2 hounds
  7 orc priests
  A centaur skeleton (D:9)
  7 orc wizards
  A bullfrog skeleton (D:9)
  3 iguanas
  6 worker ants
  A hound zombie (D:7)
  7 gnolls
  6 adders
  5 oozes
  7 worms
  4 dart slugs
  6 leopard geckos
  31 orcs
  6 giant cockroaches
  9 goblins
  5 hobgoblins
  4 jackals (Sewer)
  A quokka (D:4)
  4 ball pythons
  14 bats
  5 frilled lizards
  9 kobolds
  A leopard gecko zombie (D:4)
  A quokka skeleton (D:9)
  2 quokka zombies
  10 rats
216 creatures vanquished.

Vanquished Creatures (others)
  A bullfrog (D:8)
1 creature vanquished.

Grand Total: 217 creatures vanquished

Notes
Turn   | Place    | Note
-------+----------+-------------------------------------------
     0 | D:1      | Kirkhe the Octopode Earth Elementalist began the quest for the Orb.
     0 | D:1      | Reached XP level 1. HP: 11/11 MP: 3/3
   108 | D:1      | Reached XP level 2. HP: 17/17 MP: 3/5
   444 | D:1      | Reached XP level 3. HP: 21/21 MP: 4/6
   852 | D:2      | Found a blossoming altar of Fedhas.
  1186 | D:2      | Found an ancient bone altar of Kikubaaqudgha.
  1552 | D:3      | Reached XP level 4. HP: 27/27 MP: 2/8
  2057 | D:4      | Reached XP level 5. HP: 31/31 MP: 6/10
  2338 | D:4      | Reached skill level 5 in Earth Magic
  2349 | D:4      | Noticed an ogre
  2538 | D:4      | Found a glowing drain.
  2546 | Sewer    | Entered a sewer
  2724 | Sewer    | Reached XP level 6. HP: 36/36 MP: 7/11
  3146 | D:4      | Reached XP level 7. HP: 41/41 MP: 10/14
  3151 | D:4      | Learned a level 3 spell: Stone Arrow
  3154 | D:4      | Learned a level 2 spell: Passwall
  3173 | D:4      | Found a snail-covered altar of Cheibriados.
  3540 | D:4      | Reached skill level 5 in Spellcasting
  3608 | D:5      | Entered Level 5 of the Dungeon
  3915 | D:5      | Reached XP level 8. HP: 46/46 MP: 13/16
  4858 | D:6      | Reached XP level 9. HP: 38/51 MP: 7/20
  5065 | D:6      | Found Gozag's Platinum Reserve.
  5066 | D:6      | Found an opulent altar of Gozag.
  5077 | D:6      | Found a hazy altar of Hepliaklqana.
  5688 | D:7      | Found a staircase to the Ecumenical Temple.
  5696 | Temple   | Entered the Ecumenical Temple
  5778 | Temple   | Became a worshipper of Vehumet
  6187 | D:7      | Reached skill level 1 in Conjurations
  6240 | D:7      | Found a shadowy altar of Dithmenos.
  6640 | D:8      | Noticed a two-headed ogre
  7029 | D:8      | Reached * piety under Vehumet
  7029 | D:8      | Offered knowledge of Sting by Vehumet.
  7033 | D:8      | Noticed Pikel
  7224 | D:8      | Killed a two-headed ogre
  7224 | D:8      | Reached XP level 10. HP: 53/56 MP: 17/23
  7243 | D:8      | Killed Pikel
  7243 | D:8      | Reached skill level 10 in Earth Magic
  7462 | D:8      | Reached skill level 10 in Spellcasting
  7742 | D:9      | Noticed a hill giant
  7936 | D:9      | Found Taisanlajeo's Antique Weapon Shop.
  7983 | D:9      | Learned a level 5 spell: Lee's Rapid Deconstruction
  7988 | D:9      | Learned a level 4 spell: Petrify
  8091 | D:9      | Noticed Joseph
  8116 | D:9      | Killed Joseph
  8237 | D:9      | Slain by a killer bee

Vault maps used:
D:1:      saegor_arrival_simple_f, minmay_three_crescents
D:2:      fedhas_altar_3, kiku_gazebo_garden_becter
D:4:      lightli_sewer_entry_pipes, kennysheep_slug_shrine
D:5:      first_bread, serial_bayou, serial_bayou_ford_a, serial_bayou_lake_a,
          serial_bayou_pond_e, serial_bayou_pond_d
D:6:      overflow_temple_1_default, nicolae_gozag_zags_fifth_avenue
D:7:      serial_glass, glass_columns_a, glass_columns_b, grunt_ogre_cave,
          nicolae_dithmenos_through_a_glass_darkly
D:8:      uniq_pikel
D:9:      serial_shops, shop, uniq_grum, uniq_joseph
Temple:   eino_narrow_crystal_temple
Sewer:    sewer_fruit_machine

Skill      XL: |  1  2  3  4  5  6  7  8  9 10 |
---------------+-------------------------------+-----
Earth Magic    | 4 5 6 7 8 9 10 | 10.5
Spellcasting   | 3 4 5 7 9 10 | 10.6
Conjurations   | 1 2 |  2.9
Dodging        | |  2.0
Stealth        | |  2.6
Transmutations | |  1.0

Action                   |  1- 3 |  4- 6 |  7- 9 | 10-12 || total
-------------------------+-------+-------+-------+-------++-------
Melee: Dagger            |     2 |       |       |       ||     2
       Constrict         |     1 |     1 |       |       ||     2
       Short sword       |       |     7 |       |       ||     7
       Tentacles         |       |     1 |       |       ||     1
 Cast: Sandblast         |    58 |    88 |   166 |    30 ||   342
       Stone Arrow       |       |       |    27 |    25 ||    52
       Petrify           |       |       |       |     2 ||     2
Evoke: Wand              |       |       |       |     9 ||     9
  Use: Scroll            |     6 |     5 |     6 |     2 ||    19
       Potion            |       |       |     1 |     3 ||     4
  Eat: Chunk             |     1 |     6 |    12 |     3 ||    22
Armor: Skin              |     2 |     3 |     2 |     2 ||     9
Dodge: Dodged            |    10 |    22 |    45 |    23 ||   100
